 Dungeon Crawl Stone Soup version 0.26.1-11-gd32895ea62 (webtiles) character file.

Game seed: 11337216770473782847

1747 Zeld the Changer (level 9, 39/59 HPs)
             Began as an Octopode Transmuter on June 1, 2021.
             Was an Initiate of Gozag.
             Quit the game on level 6 of the Dungeon.
             The game lasted 00:07:49 (7285 turns).

Zeld the Changer (Octopode Transmuter)              Turns: 7285, Time: 00:07:49

Health: 39/59      AC:  1    Str: 13    XL:     9   Next: 6%
Magic:  15/18      EV: 15    Int: 15    God:    Gozag
Gold:   186        SH:  0    Dex: 12    Spells: 5/20 levels left

rFire    . . .     SeeInvis .     - Unarmed
rCold    . . .     Faith    .   (shield currently unavailable)
rNeg     . . .     Spirit   .   (helmet restricted)
rPois    .         Reflect  .   o - amulet of the acrobat
rElec    .         Harm     .   (no ring)
rCorr    .         Rampage  .   (no ring)
Will     .....                  (no ring)
Stlth    ++........             (no ring)
HPRegen  0.19/turn              (no ring)
MPRegen  0.16/turn              (no ring)
                                (no ring)
                                (no ring)

@: brilliant, lethally poisoned (39 -> -5), blade tentacles (expiring), gold
aura, flying
A: almost no armour, stealthy swim, amphibious, 8 rings, constrict 8, camouflage
1, gelatinous body 1
a: End Transformation, Renounce Religion, Potion Petition, Call Merchant, Bribe
Branch


You were on level 6 of the Dungeon.
You worshipped Gozag.
Gozag was aware of your devotion.
You had blades for tentacles.
You visited 2 branches of the dungeon, and saw 7 of its levels.

You collected 333 gold pieces.
You paid 147 gold pieces to Gozag.

Inventory:

Jewellery
 f - an uncursed ring of flight {unknown}
 k - an uncursed amulet of regeneration {unknown}
 o - an amulet of the acrobat (around mantle)
 q - a cursed -4 ring of evasion {unknown}
Wands
 y - a wand of iceblast (10)
 z - a wand of paralysis (8)
Scrolls
 c - 4 scrolls of remove curse {unknown}
 d - 7 scrolls of identify {unknown}
 j - 3 scrolls of teleportation {unknown}
 m - a scroll of noise {unknown}
 n - a scroll of magic mapping {unknown}
 t - a scroll of blinking {unknown}
 v - a scroll of amnesia {unknown}
 w - a scroll of enchant armour {unknown}
 x - a scroll of immolation {unknown}
Potions
 a - 2 potions of brilliance
 b - a potion of might {unknown}
 e - 3 potions of flight
 g - 3 potions of curing {unknown}
 h - 4 potions of attraction {unknown}
 i - a potion of lignification {unknown}
 l - 2 potions of ambrosia {unknown}
 p - 2 potions of heal wounds
 r - a potion of magic {unknown}
 s - a potion of haste
 u - a potion of cancellation {unknown}


   Skills:
 + Level 4.5 Fighting
 + Level 4.9 Dodging
 - Level 3.0 Unarmed Combat
 * Level 6.2 Spellcasting
 * Level 6.8 Transmutations


You had 5 spell levels left.
You knew the following spells:

 Your Spells              Type           Power        Failure   Level
a - Beastly Appendage     Tmut           74%          14%         1
b - Wereblood             Tmut           37%          17%         2
c - Spider Form           Tmut/Pois      11%          47%         3
d - Ice Form              Ice/Tmut       22%          77%         4
e - Blade Hands           Tmut           18%          67%         5

Your spell library contained the following spells:

 Spells                   Type           Power        Failure   Level
 Pain                     Necr           28%          54%         1
 Petrify                  Tmut/Erth      22%          77%         4
 Confusing Touch          Hex            7%           82%         3
 Gell's Gravitas          Tloc           3%           82%         3
 Yara's Violent Unravell  Hex/Tmut       11%          95%         5
 Metabolic Englaciation   Hex/Ice        3%           100%        5


Dungeon Overview and Level Annotations

Branches:
Dungeon (6/15)             Temple (1/1) D:6

Altars:
Ashenzari
Cheibriados
Dithmenos
Elyvilon
Fedhas
Gozag
Hepliaklqana
Kikubaaqudgha
Makhleb
Nemelex Xobeh
Okawaru
Qazlal
Ru
Sif Muna
Trog
Uskayaw
Vehumet
Wu Jian
Xom
Yredelemnul
Zin
The Shining One

Annotations:
D:4 2 transporters, oc3rt's ghost, novice VSWn


Innate Abilities, Weirdness & Mutations

You cannot wear most types of armour.
You are very stealthy in the water. (Stealth+)
You are amphibious.
You can wear up to eight rings at the same time.
You can use your tentacles to constrict eight enemies at once.
Your skin changes colour to match your surroundings (Stealth+).
Your rubbery body absorbs attacks. (AC +1, EV +1)


Message History

Your primal bloodlust has ended.
You feel very sick. The gnoll misses you.
* * * LOW HITPOINT WARNING * * *
You feel very sick. The gnoll misses you.
You slice the gnoll!!
You kill the gnoll!
* * * LOW HITPOINT WARNING * * *
You feel very sick.
Okay, then.
There is a lethal amount of poison in your body!
There is a lethal amount of poison in your body!
There is a lethal amount of poison in your body!
You feel much better.
You feel very sick.
There is a lethal amount of poison in your body!
There is a lethal amount of poison in your body!
There is a lethal amount of poison in your body!
Are you sure you want to abandon this character and quit the game? (Confirm with "yes".)

#..##.###.#..####....
#...#.# #.#....(.....
#...#$###.##.........
#####....<#..............
#.......#+#..............
##.###..$................
#.###..$.$...###....##..
#............# ########.
#####..@$!...###....=...
#.....>........g....
#........###........
#........# #.....###
########## #.....#
#.....# #.....# #.....#
#.....#


There were no monsters in sight!

Vanquished Creatures
  Pikel (D:5)
  An ice beast (D:5)
  3 ogres
  2 centaurs
  2 bullfrogs (D:6)
  6 hounds (D:4)
  An orc priest (D:4)
  A jelly (D:6)
  An orc wizard (D:4)
  A centaur skeleton (D:4)
  Crazy Yiuf (D:3)
  Jessica (D:3)
  4 worker ants (D:4)
  7 adders
  4 gnolls (D:6)
  A shadow imp (D:6)
  A white imp (D:5)
  An ooze (D:3)
  An adder zombie (D:5)
  A worm (D:2)
  3 dart slugs
  8 leopard geckos
  5 orcs
  4 giant cockroaches
  11 goblins
  10 hobgoblins
  A jackal (D:2)
  8 kobolds
  4 quokkas
  4 ball pythons
  9 bats
  9 frilled lizards
  A jackal skeleton (D:4)
  A leopard gecko skeleton (D:4)
  4 rats
123 creatures vanquished.

Notes
Turn   | Place    | Note
-------+----------+-------------------------------------------
     0 | D:1      | Zeld the Octopode Transmuter began the quest for the Orb.
     0 | D:1      | Reached XP level 1. HP: 13/13 MP: 3/3
   192 | D:1      | Reached XP level 2. HP: 17/18 MP: 3/5
   259 | D:1      | Learned a level 2 spell: Wereblood
   711 | D:1      | Found a burning altar of Makhleb.
   714 | D:1      | Found a blossoming altar of Fedhas.
   714 | D:1      | Found a shimmering blue altar of Sif Muna.
   716 | D:1      | Found a shimmering altar of Xom.
   716 | D:1      | Found a shimmering altar of Xom.
   716 | D:1      | Found a shimmering altar of Xom.
   996 | D:2      | Reached XP level 3. HP: 22/23 MP: 4/6
  1007 | D:2      | Learned a level 3 spell: Spider Form
  1455 | D:2      | Reached XP level 4. HP: 27/29 MP: 8/8
  1593 | D:2      | Found a white marble altar of Elyvilon.
  2323 | D:3      | Noticed Jessica
  2342 | D:3      | Killed Jessica
  2345 | D:3      | Reached XP level 5. HP: 33/34 MP: 6/9
  2381 | D:3      | Found a broken altar of Ashenzari.
  2394 | D:3      | Learned a level 4 spell: Ice Form
  2816 | D:3      | Found a runed translucent door.
  2819 | D:3      | Noticed Crazy Yiuf
  2830 | D:3      | Killed Crazy Yiuf
  3594 | D:4      | Found a burning altar of Makhleb.
  3594 | D:4      | Noticed a blizzard demon
  3650 | D:4      | Found a snail-covered altar of Cheibriados.
  3654 | D:4      | Found a transporter.
  3655 | D:4      | Found a transporter.
  3655 | D:4      | Noticed oc3rt's ghost (novice VSWn)
  3665 | D:4      | Reached XP level 6. HP: 22/40 MP: 11/11
  4037 | D:4      | You fall into a shaft and drop 1 floor!
  4037 | D:5      | Entered Level 5 of the Dungeon
  4050 | D:5      | Found a radiant altar of Vehumet.
  4051 | D:5      | Found an ancient bone altar of Kikubaaqudgha.
  4052 | D:5      | Found a shimmering blue altar of Sif Muna.
  4059 | D:5      | Identified Kikubaaqudgha's Guide on Evil Rituals
  4308 | D:4      | Reached XP level 7. HP: 36/45 MP: 8/13
  4482 | D:4      | Found a sacrificial altar of Ru.
  4883 | D:4      | Found a basalt altar of Yredelemnul.
  4884 | D:4      | Found a glowing golden altar of the Shining One.
  4887 | D:4      | Found a hide-covered altar of Uskayaw.
  4888 | D:4      | Found a stormy altar of Qazlal.
  4941 | D:4      | Learned a level 5 spell: Blade Hands
  4944 | D:4      | Reached skill level 5 in Transmutations
  5868 | D:5      | Found a glowing silver altar of Zin.
  5925 | D:5      | Reached skill level 5 in Spellcasting
  5925 | D:5      | Reached XP level 8. HP: 40/53 MP: 4/15
  6418 | D:6      | Found a hazy altar of Hepliaklqana.
  6559 | D:6      | Found a staircase to the Ecumenical Temple.
  6568 | Temple   | Entered the Ecumenical Temple
  6590 | Temple   | Became a worshipper of Gozag Ym Sagoz the Greedy
  7119 | D:6      | Noticed Pikel
  7166 | D:5      | Killed Pikel
  7167 | D:5      | Reached XP level 9. HP: 41/59 MP: 11/18
  7280 | D:6      | HP: 2/59 [gnoll/+1 spear of venom (5)]
  7285 | D:6      | Quit the game

Illustrated notes

Levels and vault maps discovered:
D:1:      lightli_arrival_statue_moat, layout_rooms, doesnt_xom_only_xom
D:2:      layout_loops_ring, marbit_many_paths, minmay_vboxes
D:3:      layout_rooms, old_standard_altar, serial_aquarium,
          aquarium_bridge_long_joined [aquarium_subvault_wall,
          aquarium_subvault_bridge, aquarium_subvault_wall,
          aquarium_subvault_wall, aquarium_subvault_bridge,
          aquarium_subvault_window], aquarium_bridge_square
          [aquarium_subvault_wall, aquarium_subvault_bridge,
          aquarium_subvault_window, aquarium_subvault_bridge],
          aquarium_window_fake, aquarium_window_1, aquarium_window_fake,
          aquarium_window_corridor_1, aquarium_view_2f,
          aquarium_balcony_double_4, saegor_snake_ambush,
          uniq_crazy_yiuf_cottage, uniq_jessica
D:4:      layout_basic, nicolae_overflow_hidden_temple,
          overflow_temple_1_default, grunt_temple_overflow_open,
          gammafunk_ghost_mausoleum, makhleb_altar_promises_db
D:5:      layout_rooms, grunt_temple_overflow_magic_moments, zin_treasury
D:6:      layout_basic, nzn_hepliaklqana_mist_gate, minmay_temple_entry_arrows,
          portal_sewer_entry_e, serial_park_tiny_pond, uniq_grinder, uniq_pikel
Temple:   jpeg_temple_island

Skill      XL: |  1  2  3  4  5  6  7  8 |
---------------+-------------------------+-----
Spellcasting   | 3 4 5 6 |  6.2
Fighting       | 2 3 4 |  4.5
Transmutations | 3 4 5 6 |  6.8
Dodging        | 3 4 |  4.9
Unarmed Combat | |  3.0

Action                   |  1- 3 |  4- 6 |  7- 9 || total
-------------------------+-------+-------+-------++-------
Melee: Unarmed           |    78 |   154 |    97 ||   329
       Constrict         |    21 |    39 |    13 ||    73
       Kick              |    11 |    19 |     4 ||    34
       Tentacles         |     6 |    12 |    13 ||    31
       Punch             |       |     3 |     2 ||     5
 Cast: Beastly Appendage |    14 |    21 |     1 ||    36
       Spider Form       |     1 |     8 |     7 ||    16
       Blade Hands       |       |       |     9 ||     9
       Wereblood         |       |       |     1 ||     1
  Use: Potion            |       |       |     4 ||     4
 Stab: Sleeping          |     2 |     4 |       ||     6
Armor: Skin              |     9 |     7 |     2 ||    18
Dodge: Dodged            |    61 |   203 |   127 ||   391
